 Dungeon Crawl Stone Soup version 0.27.0-1-g7a089689b8 (webtiles) character file.

Game seed: 11342420618160483247

49 Brandom the Sneak (level 3, 0/18 HPs)
             Began as a Spriggan Fire Elementalist on July 31, 2021.
             Succumbed to an adder's poison
             ... on level 2 of the Dungeon.
             The game lasted 00:05:32 (1755 turns).

Brandom the Sneak (Spriggan Fire Elementalist)      Turns: 1755, Time: 00:05:32

Health: 0/18       AC:  2    Str:  5    XL:     3   Next: 53%
Magic:  5/8        EV: 17    Int: 16    God:
Gold:   47         SH:  0    Dex: 15    Spells: 7/8 levels left

rFire    . . .     SeeInvis +   b - +0 dagger
rCold    + . .     Faith    .   (shield restricted)
rNeg     . . .     Spirit   .   a - +0 robe
rPois    .         Reflect  .   (helmet restricted)
rElec    .         Harm     .   (no cloak)
rCorr    .         Rampage  .   (gloves unavailable)
Will     .....                  (boots unavailable)
Stlth    ++........             (no amulet)
HPRegen  0.06/turn              f - ring of protection from cold
MPRegen  0.11/turn              (no ring)

@: brilliant, lethally poisoned (0 -> -8), flying, very quick
A: very small, no large weapons, unfitting armour, see invisible, speed 3
a: no special abilities


You were on level 2 of the Dungeon.
You visited 1 branch of the dungeon, and saw 2 of its levels.

You collected 47 gold pieces.

Inventory:

Hand Weapons
 b - a +0 dagger (weapon)
   (You took it off a goblin on level 1 of the Dungeon)
Armour
 a - a +0 robe (worn)
Jewellery
 f - a ring of protection from cold (left hand)
   (You found it on level 2 of the Dungeon)
Scrolls
 c - a scroll of immolation {unknown}
 d - 3 scrolls of enchant armour {unknown}
Potions
 g - a potion of flight
 h - a potion of resistance {unknown}


   Skills:
 * Level 1.3 Fighting
 + Level 0.8 Short Blades
 + Level 3.2 Dodging
 + Level 3.6 Stealth
 - Level 3.0 Spellcasting
 - Level 1.0 Conjurations
 + Level 2.5 Fire Magic


You had 7 spell levels left.
You knew the following spells:

 Your Spells              Type           Power      Damage    Failure   Level
a - Foxfire               Conj/Fire      48%        2x1d6     9%          1

Your spell library contained the following spells:

 Spells                   Type           Power      Damage    Failure   Level
 Conjure Flame            Conj/Fire      12%        6-21      26%         3
 Inner Flame              Hex/Fire       9%         N/A       32%         3
 Sticky Flame             Conj/Fire      12%        2d4       65%         4
 Fireball                 Conj/Fire      6%         3d5       94%         5


Dungeon Overview and Level Annotations

Branches:
Dungeon (2/15)

Altars:
Kikubaaqudgha

Shops:
D:2 :[


Innate Abilities, Weirdness & Mutations

You are very small and have problems with some larger weapons.
You are too small for most types of armour.
You have supernaturally acute eyesight. (SInv)
You cover ground extremely quickly. (Speed+++)


Message History

The helpless ball python fails to defend itself.
You puncture the ball python!
You kill the ball python!
h - a lumpy amethyst potion
There is an escape hatch in the ceiling here.
There is an entrance to Jaopam's Armour Shop here.
Unknown command.
A quokka comes into view.
You conjure some foxfire!
The foxfire hits the quokka.
The quokka barely misses you.
You completely miss the quokka. The quokka completely misses you.
You conjure some foxfire!
The quokka barely misses you.
The foxfire hits the quokka. x2
You kill the quokka!
A bat and an adder come into view.
An endoplasm comes into view.
The helpless endoplasm fails to defend itself.
You puncture the endoplasm!
You kill the endoplasm!
No target in view!
Unknown command.
No target in view!
The helpless bat fails to defend itself.
You puncture the bat!
You kill the bat!
The adder completely misses you.
You conjure some foxfire!
The foxfire hits the adder.
The foxfire hits the adder.
You conjure some foxfire!
The adder bites you.
You are poisoned.
The adder poisons you!
You feel sick.
The foxfire hits the adder but does no damage.
You conjure some foxfire!
You feel sick. The adder bites you.
* * * LOW HITPOINT WARNING * * *
You are lethally poisoned!
The adder poisons you!
It was a potion of flight.
You feel very buoyant.
You fly up into the air.
* * * LOW HITPOINT WARNING * * *
You feel sick.
The foxfire hits the adder but does no damage.
The foxfire hits the adder.
The adder bites you.
* * * LOW HITPOINT WARNING * * *
Unknown command.
It was a potion of brilliance.
You feel clever all of a sudden.
You die...

#### ##.. #..# #..###
##....# #@S#.#†..#
####.##.###.# #
#....##...# #
##...#.###....
...###.#...#.####
♣.#.#.....#.....
#....##.P♣♣#.#########
♣♣♣.♣.P.♣♣.♣.#.......#
♣...♣..♣♣...###..##.#


You could see an adder.

Vanquished Creatures
  2 gnolls (D:2)
  4 bats
  6 endoplasms
  4 goblins (D:1)
  3 hobgoblins (D:1)
  4 quokkas (D:2)
  3 ball pythons
  A frilled lizard (D:1)
  A rat (D:2)
28 creatures vanquished.

Vanquished Creatures (collateral kills)
  A foxfire (D:2)
1 creature vanquished.

Vanquished Creatures (others)
  52 foxfires
52 creatures vanquished.

Grand Total: 81 creatures vanquished

Notes
Turn   | Place    | Note
-------+----------+-------------------------------------------
     0 | D:1      | Brandom the Spriggan Fire Elementalist began the quest for
                  | the Orb.
     0 | D:1      | Reached XP level 1. HP: 9/9 MP: 5/5
   413 | D:1      | Reached XP level 2. HP: 14/14 MP: 3/6
   991 | D:1      | You fall into a shaft and drop 1 floor!
  1020 | D:2      | Found Byej's Book Shoppe.
  1085 | D:2      | Reached skill level 1 in Fighting
  1240 | D:2      | Reached XP level 3. HP: 9/18 MP: 2/8
  1278 | D:2      | Reached skill level 1 in Conjurations
  1513 | D:2      | Found an ancient bone altar of Kikubaaqudgha.
  1686 | D:2      | Found Jaopam's Armour Shop.
  1755 | D:2      | Succumbed to an adder's poison

Illustrated notes

Levels and vault maps discovered:
D:1:      onia_arrival_mini_spirals, layout_basic, st_stairs_1
D:2:      wad_woods_tower, layout_basic, basic_altar, serial_shops, shop_statue,
          nicolae_square_shop, nicolae_square_shop, minmay_pentomino_z2

Skill      XL: |  1  2  3 |
---------------+----------+-----
Fighting       | 1 |  1.3
Dodging        | 3 |  3.2
Spellcasting   | 3 |  3.0
Conjurations   | 1 |  1.0
Short Blades   | |  0.8
Stealth        | |  3.6
Fire Magic     | |  2.5

Action                   || total
-------------------------++-------
Melee: Dagger            ||    45
 Cast: Foxfire           ||    41
  Use: Potion            ||     2
 Stab: Sleeping          ||     7
Armor: Robe              ||     7
Dodge: Dodged            ||    42
